 Dungeon Crawl Stone Soup version 0.30.0-29-ga12c61a403 (webtiles) character file.

Game seed: 1748025268961161350

121 McKennaii the Sneak (level 4, 24/34 HPs)
             Began as a Demonspawn Brigand on June 3, 2023.
             Quit the game on level 3 of the Dungeon.
             The game lasted 00:01:55 (1847 turns).

McKennaii the Sneak (Demonspawn Brigand)            Turns: 1847, Time: 00:01:56

Health: 24/34      AC:  5    Str: 13    XL:     4   Next: 77%
Magic:  4/4        EV: 12    Int: 12    God:
Gold:   150        SH:  0    Dex: 15    Spells: 3/3 levels left

rFire   . . .        a - +2 dagger
rCold   . . .        (no shield)
rNeg    . . .        b - +0 robe
rPois   .            j - +0 helmet
rElec   .            c - +0 cloak
rCorr   +            (no gloves)
SInv    .            i - +0 pair of boots
Will    .....        h - amulet of the acrobat
Stlth   +++          n - ring of resist corrosion
HPRegen 0.25/turn    (no ring)
MPRegen 0.09/turn

%: acrobat
@: no status effects
A: claws 1, spiny 2
a: no special abilities


You were on level 3 of the Dungeon.
You visited 1 branch of the dungeon, and saw 3 of its levels.

You collected 150 gold pieces.

Inventory:

Hand Weapons
 a - a +2 dagger (weapon)
Missiles
 d - 13 poisoned darts (quivered)
 e - 3 curare-tipped darts
Armour
 b - a +0 robe (worn)
 c - a +0 cloak (worn)
 i - a +0 pair of boots (worn)
 j - a +0 helmet (worn)
Jewellery
 h - an amulet of the acrobat (around neck)
 n - a ring of resist corrosion (left claw)
Scrolls
 f - 2 scrolls of enchant weapon {unknown}
 l - a scroll of poison {unknown}
 m - 3 scrolls of identify {unknown}
 r - a scroll of blinking {unknown}
 s - a scroll of enchant armour {unknown}
Potions
 g - a potion of lignification {unknown}
 k - 2 potions of degeneration {unknown}
 o - a potion of berserk rage {unknown}
 p - a potion of ambrosia {unknown}
 q - a potion of heal wounds {unknown}


   Skills:
 + Level 2.8 Fighting
 + Level 2.5 Short Blades
 - Level 2.5 Throwing
 - Level 2.0 Dodging
 + Level 4.2 Stealth


You had 3 spell levels left.
You didn't know any spells.
Your spell library was empty.

Dungeon Overview and Level Annotations

Branches:
Dungeon (3/15)

Altars:
Cheibriados

Shops:
D:2 (

Annotations:
D:3 1 runed translucent door, purpleHaze's ghost, amateur HuGl


Innate Abilities, Weirdness & Mutations

You have sharp fingernails.
You are mostly covered in sharp spines.


Message History

You kill the hobgoblin!
The hobgoblin hits you but does no damage.
The goblin shoots a sling bullet.
The sling bullet closely misses you.
There are monsters nearby!
You hit the hobgoblin.
The hobgoblin is heavily wounded.
The hobgoblin hits you but does no damage.
The goblin shoots a sling bullet.
The sling bullet barely misses you.
You hit the hobgoblin.
The hobgoblin is severely wounded.
You hit the hobgoblin.
The hobgoblin is almost dead.
The hobgoblin hits you with a +0 club.
The goblin shoots a sling bullet.
The sling bullet hits you but does no damage.
The goblin shoots a sling bullet.
The sling bullet hits you.
You closely miss the hobgoblin.
The hobgoblin is almost dead.
The hobgoblin hits you with a +0 club.
The goblin shoots a sling bullet.
The sling bullet hits you but does no damage.
The goblin shoots a sling bullet.
The sling bullet closely misses you.
You hit the hobgoblin but do no damage.
The hobgoblin is almost dead.
The hobgoblin hits you with a +0 club.
You hit the hobgoblin but do no damage.
The hobgoblin is almost dead.
The hobgoblin is struck by your spines.
You kill the hobgoblin!
The goblin unwields a +0 sling.
The goblin hits you but does no damage.
The goblin unwields a +0 sling.
The goblin is struck by your spines.
You kill the goblin!
Your Dodging skill increases to level 2!
You closely miss the goblin. You completely miss the goblin.
The goblin misses you.
You hit the goblin.
The goblin is severely wounded.
The goblin is struck by your spines.
You kill the goblin!
No target in view!
No target in view!
Are you sure you want to abandon this character and quit the game? (Confirm with "yes".)

......................)...
.........)................
.~~~~~~...)~....~~~~~~...~
~~~~~≈~.)..~~~~~~≈≈~~~~~~~
≈≈≈≈≈~~....~~≈≈≈≈≈≈≈≈≈≈~≈≈
≈≈≈≈≈~~....~≈≈≈≈≈≈≈≈≈≈≈≈≈≈
########''################
#....# #.)@.# #.)))#
#......# +......+ #......#
##....## #....# #....#


There were no monsters in sight!

Vanquished Creatures
  Jessica (D:3)
  An adder (D:2)
  2 dart slugs
  7 ball pythons
  8 endoplasms
  2 giant cockroaches (D:1)
  5 hobgoblins
  10 jackals
  2 quokkas (D:1)
  5 bats
  2 frilled lizards
  12 goblins
  8 kobolds
  6 rats
71 creatures vanquished.

Notes
Turn   | Place    | Note
-------+----------+-------------------------------------------
     0 | D:1      | McKennaii the Demonspawn Brigand began the quest for the
                  | Orb.
     0 | D:1      | Reached XP level 1. HP: 16/16 MP: 1/1
    76 | D:1      | Reached skill level 1 in Dodging
   100 | D:1      | Gained mutation: You are partially covered in sharp spines.
                  | [demonic ancestry]
   100 | D:1      | Reached XP level 2. HP: 4/22 MP: 2/2
   250 | D:1      | Found a faded altar of an unknown god.
   431 | D:1      | Gained mutation: You are mostly covered in sharp spines.
                  | [demonic ancestry]
   431 | D:1      | Reached XP level 3. HP: 28/28 MP: 3/3
   832 | D:2      | Found a snail-covered altar of Cheibriados.
   873 | D:2      | Reached skill level 4 in Stealth
  1379 | D:2      | Found Qinytzai's Antique Weapon Shoppe.
  1452 | D:2      | Gained mutation: You have sharp fingernails. [demonic
                  | ancestry]
  1452 | D:2      | Reached XP level 4. HP: 34/34 MP: 4/4
  1579 | D:3      | Noticed purpleHaze's ghost (amateur HuGl)
  1582 | D:3      | Found a runed translucent door.
  1703 | D:3      | Noticed Jessica
  1709 | D:3      | Killed Jessica
  1847 | D:3      | Quit the game

Illustrated notes

Levels and vault maps discovered:
D:1:      moated_graveyard_arrival, layout_basic,
          shapermc_ecumenical_altar_mp_urbaneastern, hangedman_decor_growths
D:2:      layout_basic, basic_altar, serial_shops, nicolae_shop_back_alley_shop
D:3:      minmay_goblin_kobold_castle, layout_loops_ring,
          hellmonk_ghost_happy_afterlife, uniq_jessica

Skill      XL: |  1  2  3  4 |
---------------+-------------+-----
Dodging        | 1 2 |  2.0
Short Blades   | 2 |  2.5
Throwing       | 2 |  2.5
Stealth        | 4 |  4.2
Fighting       | |  2.8

Action                     |  1- 3 |  4- 6 || total
---------------------------+-------+-------++-------
  Melee: Dagger            |   106 |    24 ||   130
         Punch             |     1 |       ||     1
   Stab: Sleeping          |    14 |     5 ||    19
 Armour: Robe              |    22 |     8 ||    30
  Dodge: Dodged            |    53 |    10 ||    63
